 Dungeon Crawl Stone Soup version 0.30-a0-799-g109b55a442 (webtiles) character file.

Game seed: 16409670412054857373

8132 BlueFish the Covert (level 11, -6/80 HPs)
             Began as a Vampire Enchanter on Feb 21, 2023.
             Was a Follower of Dithmenos.
             Killed from afar by an electric eel (8 damage)
             ... with a bolt of electricity
             ... on level 9 of the Dungeon.
             The game lasted 00:33:13 (10400 turns).

BlueFish the Covert (Vampire Enchanter)            Turns: 10400, Time: 00:33:14

Health: -6/80      AC: 10    Str:  7    XL:     11   Next: 5%
Magic:  20/20      EV: 17    Int: 19    God:    Dithmenos [*.....]
Gold:   653        SH:  0    Dex: 20    Spells: 11/22 levels left

rFire   + . .      SeeInvis +    y - +4 dagger
rCold   + . .      Faith    .    (no shield)
rNeg    . . .      Spirit   .    B - +2 robe {rF+}
rPois   .          Reflect  .    q - +2 helmet of Distant Shores {Will+ Dex+2}
rElec   .          Harm     .    J - +0 cloak
rCorr   .          Rampage  .    (no gloves)
Will    ++...                    h - +0 pair of boots
Stlth   ++++++                   n - amulet of regeneration
HPRegen 1.33/turn                v - ring of protection from cold
MPRegen 0.17/turn                (no ring)

@: healing quickly, wreathed by umbra
A: alive, fangs 3, see invisible, vampiric 2
a: Exsanguinate, Renounce Religion


You were on level 9 of the Dungeon.
You worshipped Dithmenos.
Dithmenos was aware of your devotion.
You visited 2 branches of the dungeon, and saw 10 of its levels.

You collected 653 gold pieces.

Inventory:

Hand Weapons
 a - a +1 dagger
 y - a +4 dagger (weapon)
 D - a +0 rapier of protection
 H - a +2 falchion of flaming
Missiles
 l - 3 javelins (quivered)
 A - 22 poisoned darts
 Q - a throwing net
Armour
 h - a +0 pair of boots (worn)
 q - the +2 helmet of Distant Shores (worn) {Will+ Dex+2}
   (You took it off Robin on level 2 of the Dungeon)

   Dex:       It affects your dexterity (+2).
   Will:      It increases your willpower.
 B - a +2 robe of fire resistance (worn)
 J - a +0 cloak (worn)
Jewellery
 n - an amulet of regeneration (around neck)
 v - a ring of protection from cold (left hand)
 L - a +6 ring of strength
Wands
 p - a wand of roots (9)
 I - a wand of flame (28)
 P - a wand of polymorph (4)
Scrolls
 b - a scroll of enchant armour {unknown}
 d - 4 scrolls of enchant weapon {unknown}
 e - a scroll of amnesia {unknown}
 j - 3 scrolls of magic mapping {unknown}
 k - 3 scrolls of poison {unknown}
 m - 2 scrolls of blinking {unknown}
 o - 4 scrolls of teleportation {unknown}
 t - 6 scrolls of identify {unknown}
 u - 3 scrolls of noise {unknown}
 w - 3 scrolls of torment {unknown}
 C - 2 scrolls of fog {unknown}
 E - a scroll of immolation {unknown}
 F - 2 scrolls of vulnerability {unknown}
 M - a scroll of brand weapon {unknown}
Potions
 c - 4 potions of invisibility
 f - 2 potions of curing
 g - 3 potions of resistance {unknown}
 i - 2 potions of cancellation {unknown}
 r - 2 potions of might
 s - 2 potions of flight {unknown}
 x - a potion of lignification {unknown}
 z - 4 potions of attraction {unknown}
 G - a potion of brilliance {unknown}
 K - 2 potions of haste {unknown}
 N - a potion of heal wounds {unknown}
 O - 3 potions of degeneration {unknown}


   Skills:
 + Level 5.5 Fighting
 + Level 6.9 Short Blades
 + Level 1.6 Throwing
 + Level 5.2 Armour
 + Level 7.3 Dodging
 + Level 10.7 Stealth
 + Level 6.0 Spellcasting
 + Level 10.0 Hexes
 + Level 1.7 Invocations
 + Level 1.8 Evocations


You had 11 spell levels left.
You knew the following spells:

 Your Spells              Type           Power      Damage    Failure   Level
a - Ensorcelled Hibernat  Hex/Ice        48%        N/A       2%          2
b - Confusing Touch       Hex            43%        N/A       1%          3
c - Tukima's Dance        Hex            43%        N/A       1%          3
d - Dazzling Flash        Conj/Hex       48%        N/A       4%          3

Your spell library contained the following spells:

 Spells                   Type           Power      Damage    Failure   Level
 Frozen Ramparts          Ice            10%        1d2       32%         3
 Ice Form                 Ice/Tmut       5%         N/A       73%         4
 Summon Ice Beast         Ice/Summ       5%         N/A       73%         4


Dungeon Overview and Level Annotations

Branches:
Dungeon (9/15)             Temple (1/1) D:7            Lair (0/5) D:8
    Orc (0/2) D:9

Altars:
Ashenzari
Cheibriados
Dithmenos
Fedhas
Gozag
Hepliaklqana
Kikubaaqudgha
Makhleb
Nemelex Xobeh
Okawaru
Qazlal
Ru
Uskayaw
Wu Jian
Yredelemnul

Shops:
D:2 =   D:8 *

Annotations:
D:5 2 transporters, Ijyb, Menkaure


Innate Abilities, Weirdness & Mutations

Your natural rate of healing is accelerated.
You have razor-sharp teeth.
You have supernaturally acute eyesight. (SInv)
You are afflicted with vampirism and can become a bat while bloodless.


Message History

There is an open door here.
There is an open door here.
You see here a troll skeleton.
Found 3 stones.
There is a stone staircase leading down here.
There is an open door here.
There is an escape hatch in the ceiling here.
There is an open door here.
There is an open door here.
Things that are here:
a +0 whip; a +0 ring mail
Q - a throwing net You see here a +0 flail.
An electric eel comes into view.
The electric eel shoots out a bolt of lightning at you!
The bolt of electricity hits you!
The electric eel shoots out a bolt of lightning at you!
The bolt of electricity hits you!
A killer bee comes into view.
The electric eel shoots out a bolt of lightning at you!
The bolt of electricity hits you!
The electric eel shoots out a bolt of lightning at you!
The bolt of electricity hits you!
The killer bee buzzes angrily.
The electric eel shoots out a bolt of lightning at you!
The bolt of electricity hits you!
The electric eel shoots out a bolt of lightning at you!
The bolt of electricity misses you.
The electric eel shoots out a bolt of lightning at you!
The bolt of electricity hits you!
* * * LOW HITPOINT WARNING * * *
The electric eel shoots out a bolt of lightning at you!
The bolt of electricity hits you!
* * * LOW HITPOINT WARNING * * *
The electric eel shoots out a bolt of lightning at you!
The bolt of electricity hits you!
* * * LOW HITPOINT WARNING * * *
The electric eel shoots out a bolt of lightning at you!
The bolt of electricity hits you!
You die...

≈≈≈≈≈≈≈≈≈ ≈≈≈≈≈≈≈≈~≈~~~≈###.#
≈≈≈≈≈≈≈≈≈≈≈≈≈≈≈≈≈~.......))..#
≈≈≈≈≈≈≈≈≈≈≈≈≈≈≈≈~~.~~~~~~#####
≈≈≈≈≈≈≈≈≈≈≈~.≈≈≈≈≈≈#
≈≈≈≈S≈≈≈≈≈≈~.~≈≈≈≈≈#
≈≈≈≈≈≈≈≈≈≈≈~.~≈≈≈≈≈#
≈≈≈≈≈≈≈≈≈≈≈~.~≈≈≈≈≈#
~~~~~≈~~~~~≈.≈≈≈≈≈≈#
..........@..~≈≈≈≈≈#
~~~~~~y~≈~~~≈~≈≈≈≈≈#
≈~....~~~≈≈≈≈≈≈≈≈≈≈#
≈≈.~S.~≈≈≈≈≈≈≈≈≈≈≈≈#
≈S.~~.~~~~~≈≈≈≈≈≈≈≈#
≈~.~≈......~≈≈≈≈≈≈≈#
≈~.≈~~~≈~≈.≈≈≈≈≈≈≈≈#
≈~.~≈≈≈≈≈~.~≈≈≈≈≈≈≈#


You could see a killer bee and 2 electric eels.

Vanquished Creatures
  2 two-headed ogres
  An ugly thing (D:7)
  Maurice (D:8)
  A troll (D:9)
  5 wyverns (D:8)
  2 steam dragons (D:7)
  4 water moccasins
  Duvessa (D:5)
  An acid dragon (D:8)
  3 ice beasts
  An orc warrior (D:9)
  3 black bears
  An ogre (D:5)
  2 wolves (D:8)
  3 phantoms
  5 centaurs
  2 kobold brigands
  3 necrophages
  2 bullfrogs
  2 gnoll sergeants (D:9)
  3 scorpions
  Dowan (D:5)
  7 wights (D:8)
  5 killer bees (D:7)
  4 howler monkeys
  An electric eel (D:9)
  3 jellies
  A hound (D:5)
  8 orc priests
  A gnoll bouda (D:8)
  5 iguanas
  8 orc wizards
  Robin (D:2)
  5 adders
  25 gnolls
  A shadow imp (D:5)
  2 white imps
  2 worms
  4 dart slugs
  26 orcs
  11 bats
  9 endoplasms
  5 giant cockroaches
  48 goblins
  27 hobgoblins
  2 jackals (D:4)
  4 quokkas
  3 ball pythons
  3 frilled lizards
  17 kobolds
  A rat (D:3)
288 creatures vanquished.

Vanquished Creatures (collateral kills)
  A centaur (D:9)
  An electric eel (D:9)
2 creatures vanquished.

Vanquished Creatures (others)
  5 dancing weapons (D:9)
  An orc (D:6)
  11 fungi
  22 plants
39 creatures vanquished.

Grand Total: 329 creatures vanquished

Notes
Turn   | Place    | Note
-------+----------+-------------------------------------------
     0 | D:1      | BlueFish the Vampire Enchanter began the quest for the Orb.
     0 | D:1      | Reached XP level 1. HP: 13/13 MP: 3/3
   192 | D:1      | Reached XP level 2. HP: 16/19 MP: 5/5
   196 | D:1      | Learned a level 2 spell: Ensorcelled Hibernation
   792 | D:2      | Gained mutation: You are afflicted with vampirism and can
                  | become a bat while bloodless. [Vampire growth]
   792 | D:2      | Reached XP level 3. HP: 25/25 MP: 6/6
   847 | D:2      | Learned a level 3 spell: Confusing Touch
  1305 | D:2      | Found Lecoan's Jewellery Emporium.
  1642 | D:3      | Reached skill level 1 in Armour
  1734 | D:3      | Identified the +2 helmet of Distant Shores {Will+ Dex+2}
  1734 | D:3      | Noticed Robin
  1812 | D:3      | Reached XP level 4. HP: 31/31 MP: 7/7
  1835 | D:3      | Reached skill level 1 in Fighting
  1858 | D:2      | Killed Robin
  1859 | D:2      | Reached skill level 5 in Stealth
  2089 | D:3      | Reached skill level 5 in Hexes
  2295 | D:3      | Reached XP level 5. HP: 37/37 MP: 5/8
  2989 | D:3      | Reached XP level 6. HP: 43/43 MP: 10/10
  4092 | D:4      | Found a hazy altar of Hepliaklqana.
  4147 | D:4      | Reached XP level 7. HP: 50/50 MP: 11/11
  4345 | D:4      | Identified the +5 war axe "Nyughase" {heavy, rF++ rC+}
  4836 | D:5      | Entered Level 5 of the Dungeon
  4836 | D:5      | Noticed Duvessa
  4836 | D:5      | Noticed Dowan
  4836 | D:5      | Found a transporter.
  4836 | D:5      | Found an ancient bone altar of Kikubaaqudgha.
  4837 | D:5      | Found a transporter.
  4846 | D:5      | Killed Duvessa
  4847 | D:5      | Reached XP level 8. HP: 57/57 MP: 6/13
  4850 | D:5      | Noticed Ijyb
  4903 | D:5      | Killed Dowan
  4904 | D:5      | Noticed Menkaure
  5227 | D:5      | Found a blossoming altar of Fedhas.
  5385 | D:5      | Found a basalt altar of Yredelemnul.
  5389 | D:5      | Identified the +1 sling "Yxzyos" {antimagic, rN+ Int+6
                  | Dex-4}
  5799 | D:6      | Reached skill level 5 in Dodging
  5998 | D:6      | Reached XP level 9. HP: 57/65 MP: 11/15
  6259 | D:6      | Found a stormy altar of Qazlal.
  6325 | D:7      | Noticed a red ugly thing
  6350 | D:7      | Killed a red ugly thing
  6351 | D:7      | Reached skill level 5 in Short Blades
  6418 | D:7      | You fall into a shaft and drop 1 floor!
  6557 | D:8      | Found a broken altar of Ashenzari.
  6572 | D:8      | Noticed Maurice
  6578 | D:8      | Killed Maurice
  6648 | D:8      | Reached skill level 5 in Spellcasting
  6748 | D:8      | Found Myil's Elemental Accessories.
  6834 | D:8      | Found a staircase to the Lair.
  6864 | D:8      | Reached XP level 10. HP: 52/73 MP: 5/17
  7560 | D:8      | Reached skill level 5 in Fighting
  7560 | D:8      | Reached skill level 10 in Stealth
  7638 | D:7      | Found an iron altar of Okawaru.
  7654 | D:7      | Found a sparkling altar of Nemelex Xobeh.
  7671 | D:7      | Noticed a two-headed ogre
  7678 | D:8      | Learned a level 3 spell: Tukima's Dance
  7682 | D:8      | Learned a level 3 spell: Dazzling Flash
  7852 | D:7      | Found a staircase to the Ecumenical Temple.
  7858 | Temple   | Entered the Ecumenical Temple
  7903 | Temple   | Became a worshipper of Dithmenos the Shadowed
  8195 | D:7      | Killed a two-headed ogre
  8196 | D:7      | Reached skill level 1 in Throwing
  8196 | D:7      | Reached skill level 1 in Invocations
  8196 | D:7      | Reached skill level 1 in Evocations
  9041 | D:8      | Reached skill level 5 in Armour
  9046 | D:8      | Reached * piety under Dithmenos
  9122 | D:8      | Found a sacrificial altar of Ru.
  9122 | D:8      | Found an opulent altar of Gozag.
  9129 | D:8      | Found a faded altar of an unknown god.
  9131 | D:8      | Found a faded altar of an unknown god.
  9132 | D:8      | Found a snail-covered altar of Cheibriados.
  9624 | D:9      | Found a staircase to the Orcish Mines.
  9648 | D:9      | Noticed a two-headed ogre
  9659 | D:9      | Killed a two-headed ogre
 10003 | D:9      | Reached XP level 11. HP: 80/80 MP: 17/20
 10063 | D:9      | Reached skill level 10 in Hexes
 10400 | D:9      | HP: 2/80 [electric eel/bolt of electricity (8)]
 10400 | D:9      | Killed from afar by an electric eel

Illustrated notes

Levels and vault maps discovered:
D:1:      tarquinn_simple_flora_water_f, layout_loops_ring
D:2:      layout_basic, serial_shops, shop_statue
D:3:      minmay_goblin_kobold_castle, layout_loops_ring,
          chequers_serial_rivers_micro_d, st_stairs_11, uniq_robin
D:4:      cheibrodos_barr_body, layout_basic, mainiacjoe_overflow_alcove_4
D:5:      layout_loops_ring, gammafunk_temple_of_torment, fedhas_ov_isle_minmay,
          serial_aquarium, aquarium_bridge_island_small
          [aquarium_subvault_small_water, aquarium_subvault_bridge,
          aquarium_subvault_balcony, aquarium_subvault_wall,
          aquarium_subvault_wall], aquarium_window_fake, aquarium_window_3,
          aquarium_view_2c, aquarium_pool_1, st_stairs_6, uniq_ijyb,
          uniq_duvessa
D:6:      layout_rooms, marbit_many_paths, moated_statue
D:7:      layout_cave_pods, nicolae_overflow_hidden_temple,
          minmay_temple_entry_hall
D:8:      layout_loops_ring, chequers_temple_overflow_minitemple,
          nicolae_overflow_crystal_walls, minmay_lair_entry_grove,
          nicolae_elemental_shop, minmay_increasing_density, uniq_maurice
D:9:      layout_basic, orc_0_dummy
Temple:   hellmonk_temple_flake

Skill      XL: |  1  2  3  4  5  6  7  8  9 10 11 |
---------------+----------------------------------+-----
Armour         | 1 2 3 4 5 |  5.2
Fighting       | 1 2 3 4 5 |  5.5
Stealth        | 5 6 7 8 9 10 | 10.7
Dodging        | 3 4 5 6 7 |  7.3
Hexes          | 5 6 7 8 9 10 | 10.0
Short Blades   | 2 3 4 5 6 |  6.9
Spellcasting   | 3 4 5 6 |  6.0
Throwing       | 1 |  1.6
Invocations    | 1 |  1.7
Evocations     | 1 |  1.8

Action                     |  1- 3 |  4- 6 |  7- 9 | 10-12 || total
---------------------------+-------+-------+-------+-------++-------
  Melee: Dagger            |   184 |   297 |   272 |   350 ||  1103
         Bite              |    12 |    31 |    33 |    55 ||   131
         Punch             |       |     6 |     2 |     7 ||    15
   Cast: Ensorcelled Hiber |     4 |    29 |    25 |     5 ||    63
         Confusing Touch   |       |    12 |    20 |    36 ||    68
         Tukima's Dance    |       |       |       |    23 ||    23
   Stab: Sleeping          |    15 |    25 |    29 |    10 ||    79
         Confused          |       |     7 |    15 |    24 ||    46
         Distracted        |       |       |     3 |     1 ||     4
 Armour: Robe              |    40 |    95 |    49 |    57 ||   241
  Dodge: Dodged            |   142 |   232 |   146 |   221 ||   741

Table legend: (Time is in decaauts)
 A = Elapsed time spent in this place.
 B = Non-inter-level travel time spent in this place.
 C = Inter-level travel time spent in this place.
 D = Time resting spent in this place.
 E = Time spent auto-exploring this place.
 F = Levels seen in this place.
 G = Mean time per level.
                   A        B        C        D        E       F      G
               +--------+--------+--------+--------+--------+-----+--------+
         Total |  10194 |   9887 |    307 |     42 |   6077 |  10 | 1019.4 |
       Dungeon |  10137 |   9830 |    307 |     42 |   6043 |   9 | 1126.3 |
        Temple |     56 |     56 |      0 |      0 |     34 |   1 |   56.0 |
               +--------+--------+--------+--------+--------+-----+--------+

Top non-repeatable levels by time:
     D:3: 2232 daAuts
     D:8: 1716 daAuts
     D:7: 1148 daAuts
     D:9: 1031 daAuts
     D:2: 987 daAuts
     D:5: 888 daAuts
     D:4: 851 daAuts
     D:1: 784 daAuts
     D:6: 497 daAuts
  Temple: 56 daAuts
